 Dungeon Crawl Stone Soup version 0.19.1 (webtiles) character file.

15005 ekelpack the Warrior (level 11, 0/112 HPs)
             Began as a Minotaur Berserker on Dec 21, 2016.
             Was a High Priest of Trog.
             Slain by an eight-headed hydra (3 damage)
             ... on level 1 of the Lair of Beasts.
             The game lasted 00:39:13 (9437 turns).

ekelpack the Warrior (Minotaur Berserker)           Turns: 9437, Time: 00:39:14

Health: 0/112      AC: 24    Str: 27    XL:     11   Next: 96%
Magic:  6/6        EV: 11    Int:  4    God:    Trog [*****.]
Gold:   395        SH:  0    Dex: 13    Spells: 0 memorised, 10 levels left

rFire  + + .     SeeInvis .     v - +5 great mace (antimagic)
rCold  . . .     Gourm    +     m - +7 chain mail of Aginwygg {*Corrode +Inv rF++ Dex+3}
rNeg   + . .     Faith    .     (shield currently unavailable)
rPois  +         Spirit   .     y - +1 hat
rElec  .         Reflect  .     a - +0 cloak
rCorr  .         Harm     .     (no gloves)
MR     .....                    d - +1 pair of boots
Stlth  ..........               z - amulet of the gourmand
                                j - ring of magical power
                                x - ring of Nademingi {rPois rN+ Str+2}

@: exhausted, about to teleport, slowed, very slow
A: retaliatory headbutt, horns 2
a: Berserk, Trog's Hand, Brothers in Arms, Burn Spellbooks, Renounce Religion,
Evoke Invisibility


You were on level 1 of the Lair of Beasts.
You worshipped Trog.
Trog was extremely pleased with you.
You were full.

You visited 3 branches of the dungeon, and saw 12 of its levels.

You collected 395 gold pieces.

Inventory:

Hand Weapons
 b - a +4 dagger of venom
 t - the cursed +0 flail "Zaumeugh" {pain, rC+ Str+2, unknown}
   (You found it on level 10 of the Dungeon)

   In the hands of one skilled in necromantic magic, it inflicts extra damage on
   living creatures.
   It affects your strength (+2).
   It protects you from cold.
   It has a curse placed upon it.
 v - a +5 antimagic great mace (weapon)
 H - a +0 flail
 K - a +5 dire flail of draining
 Z - a +3 quarterstaff of chaos
Missiles
 I - 14 tomahawks
 Q - 2 javelins (quivered)
Armour
 a - a +0 cloak (worn)
 d - a +1 pair of boots (worn)
 f - a +0 buckler
 m - the +7 chain mail of Aginwygg (worn) {*Corrode +Inv rF++ Dex+3}
   (You found it on level 10 of the Dungeon)

   It affects your dexterity (+3).
   It greatly protects you from fire.
   It lets you turn invisible.
   It may corrode you when you take damage.
 q - a +0 chain mail
 y - a +1 hat (worn)
Jewellery
 j - a ring of magical power (right hand)
 k - an uncursed ring of wizardry
 x - the ring of Nademingi (left hand) {rPois rN+ Str+2}
   (You found it on level 10 of the Dungeon)

   [ring of strength]

   It affects your strength (+2).
   It protects you from poison.
   It protects you from negative energy.
 z - an amulet of the gourmand (around neck)
 N - an uncursed ring of stealth
Scrolls
 g - 3 scrolls of remove curse
 h - 2 scrolls of fear
 o - 2 scrolls of magic mapping
 u - 3 scrolls of amnesia
 w - 3 scrolls of enchant armour
 B - a scroll of teleportation
 E - 5 scrolls of identify
 T - 2 scrolls of recharging
Potions
 e - 2 potions of might {unknown}
 l - 2 potions of ambrosia {unknown}
 n - 2 potions of haste {unknown}
 p - 2 potions of cancellation {unknown}
 r - 3 potions of lignification {unknown}
 s - a potion of agility
 A - 11 potions of curing {unknown}
 J - 2 potions of heal wounds {unknown}
 M - 2 potions of magic {unknown}
 R - 2 potions of mutation {unknown}
 S - a potion of resistance
 U - a potion of degeneration {unknown}
 V - a potion of cure mutation {unknown}
 Y - 2 potions of flight {unknown}
Comestibles
 c - 6 bread rations
 i - 5 meat rations
 P - 17 fruits
 W - 7 slices of pizza


   Skills:
 * Level 15.0 Fighting
 - Level 12.6 Maces & Flails
 + Level 11.5 Armour
 + Level 4.5 Dodging
 + Level 1.7 Shields


You had 10 spell levels left.
You didn't know any spells.

Dungeon Overview and Level Annotations

Branches:
Dungeon (10/15)            Temple (1/1) D:5            Lair (1/6) D:10
    Orc (0/2) D:10

Altars:
Ashenzari
Cheibriados
Dithmenos
Elyvilon
Fedhas
Gozag
Hepliaklqana
Kikubaaqudgha
Makhleb
Nemelex Xobeh
Okawaru
Qazlal
Ru
Sif Muna
Trog
Uskayaw
Vehumet
Xom
Yredelemnul
Zin
The Shining One


Innate Abilities, Weirdness & Mutations

You reflexively headbutt those who attack you in melee.
You have a pair of horns on your head.


Message History

The eight-headed hydra bites you but does no damage. x3
The eight-headed hydra misses you.
The eight-headed hydra closely misses you.
The eight-headed hydra barely misses you.
The eight-headed hydra bites you.
* * * LOW HITPOINT WARNING * * *
The eight-headed hydra bites you but does no damage.
The eight-headed hydra misses you.
The eight-headed hydra bites you but does no damage.
The eight-headed hydra closely misses you.
The eight-headed hydra bites you but does no damage.
The eight-headed hydra bites you!
* * * LOW HITPOINT WARNING * * *
The eight-headed hydra bites you!
* * * LOW HITPOINT WARNING * * *
The eight-headed hydra bites you but does no damage. x2
Found a scroll of amnesia.
As you read the scroll of teleportation, it crumbles to dust.
You feel strangely unstable. The eight-headed hydra bites you.
You die...

##.........$. .
##...........
#..##.............
.......#.†...##P..
........†...?.....
....#####...####. .
#.#.####... ####
#Dl............
#.#.##@#.###.........
...........# .......
.?........## .......
..........# .......
######....#####≈.≈....
..............≈≈≈≈.≈.
......†......≈≈≈≈≈≈..
.............≈≈≈≈≈≈..
.........(..<.≈≈≈≈≈..


You could see an eight-headed hydra and a komodo dragon.

Vanquished Creatures
  A hydra (D:9)
  Erica (D:10)
  2 unseen horrors (D:10)
  5 hill giants
  A spiny frog (Lair:1)
  3 komodo dragons (Lair:1)
  The ghost of Ladykiller69 the Slasher, an amateur MiGl (D:4)
  Prince Ribbit (D:6)
  A hippogriff (D:7)
  2 dream sheep (D:9)
  A meliai zombie (D:10)
  A vampire (D:10)
  3 wyverns
  4 hungry ghosts
  4 yaks
  A steam dragon (D:7)
  Edmund (D:4)
  2 water moccasins (Lair:1)
  Duvessa (D:7)
  5 orc warriors
  A necrophage (D:9)
  4 sky beasts
  An eye of draining (D:10)
  8 ice beasts
  6 ogres
  2 phantoms (D:6)
  10 centaurs
  4 bullfrogs
  5 big kobolds
  Dowan (D:7)
  3 scorpions
  3 howler monkeys
  6 crimson imps
  A quasit (D:9)
  A bullfrog zombie (D:8)
  A centaur zombie (D:9)
  2 jellies
  7 hounds
  Crazy Yiuf (D:6)
  4 orc priests
  9 orc wizards
  4 iguanas
  5 worker ants
  A hound zombie (D:9)
  A hound skeleton (D:9)
  A worker ant zombie (D:3)
  Robin (D:4)
  7 gnolls (D:3)
  15 adders
  5 shadow imps
  An ooze (D:2)
  An adder zombie (D:9)
  3 adder skeletons
  3 worms
  A dart slug (D:1)
  6 leopard geckos
  24 orcs
  5 ball pythons
  10 giant cockroaches
  7 hobgoblins
  11 jackals
  11 kobolds
  6 quokkas
  5 bats
  6 frilled lizards
  12 goblins
  2 leopard gecko skeletons
  2 quokka skeletons
  A quokka zombie (D:9)
  8 rats
  A plant (D:9)
287 creatures vanquished.

Vanquished Creatures (collateral kills)
  A troll (D:10)
  3 ogres (D:10)
  4 orc warriors (D:10)
  4 big kobolds (D:10)
  A gnoll sergeant (D:10)
  An iguana (Lair:1)
  A worker ant (D:10)
  A gnoll (D:10)
  3 orcs (D:10)
19 creatures vanquished.

Vanquished Creatures (others)
  An ogre (D:10)
  A goblin (D:4)
2 creatures vanquished.

Grand Total: 308 creatures vanquished

Notes
Turn   | Place    | Note
-------+----------+-------------------------------------------
     0 | D:1      | ekelpack the Minotaur Berserker began the quest for the Orb.
     0 | D:1      | Reached XP level 1. HP: 19/19 MP: 0/0
   203 | D:1      | Reached XP level 2. HP: 20/27 MP: 1/1
   243 | D:1      | Reached skill level 4 in Fighting
   515 | D:1      | Reached XP level 3. HP: 32/33 MP: 2/2
   734 | D:1      | Reached ** piety under Trog
  1032 | D:2      | Found a faded altar of an unknown god.
  1038 | D:2      | Reached XP level 4. HP: 29/41 MP: 3/3
  1344 | D:2      | Reached skill level 5 in Maces & Flails
  1750 | D:3      | Reached *** piety under Trog
  1872 | D:3      | Reached skill level 5 in Fighting
  1913 | D:3      | Reached XP level 5. HP: 44/48 MP: 4/4
  2152 | D:4      | Noticed Ladykiller69's ghost (amateur MiGl)
  2429 | D:4      | Killed Ladykiller69's ghost
  2429 | D:4      | Reached XP level 6. HP: 57/57 MP: 5/5
  2568 | D:4      | Found an iron altar of Okawaru.
  2609 | D:4      | Reached XP level 7. HP: 50/62 MP: 6/6
  2688 | D:4      | Noticed Edmund
  2691 | D:4      | Killed Edmund
  2691 | D:4      | Reached skill level 6 in Fighting
  2691 | D:4      | Reached skill level 1 in Shields
  2816 | D:4      | Reached **** piety under Trog
  2934 | D:4      | Noticed Robin
  2955 | D:4      | Killed Robin
  3261 | D:5      | Entered Level 5 of the Dungeon
  3340 | D:5      | Found a staircase to the Ecumenical Temple.
  3371 | D:5      | Found a shimmering altar of Xom.
  3607 | D:5      | Reached XP level 8. HP: 68/71 MP: 7/7
  3726 | D:5      | Reached skill level 7 in Fighting
  4152 | D:6      | Reached skill level 5 in Armour
  4358 | D:6      | Reached skill level 10 in Maces & Flails
  4590 | D:6      | Noticed Prince Ribbit
  4595 | D:6      | Killed Prince Ribbit
  4595 | D:6      | Reached skill level 8 in Fighting
  4595 | D:6      | Reached XP level 9. HP: 65/81 MP: 8/8
  4625 | D:6      | Found a blossoming altar of Fedhas.
  4983 | D:6      | Found a burning altar of Makhleb.
  5051 | D:6      | Found a runed door.
  5055 | D:6      | Noticed Crazy Yiuf
  5107 | D:6      | Killed Crazy Yiuf
  5553 | D:7      | Reached skill level 9 in Fighting
  5558 | D:7      | Noticed Dowan
  5560 | D:7      | Noticed Duvessa
  5569 | D:7      | Killed Duvessa
  5602 | D:7      | Killed Dowan
  6127 | D:8      | Reached ***** piety under Trog
  6265 | D:8      | Reached XP level 10. HP: 91/91 MP: 9/9
  6312 | D:8      | Found an ancient bone altar of Kikubaaqudgha.
  6472 | D:8      | Noticed a hill giant
  6484 | D:8      | Killed a hill giant
  6484 | D:8      | Reached skill level 10 in Fighting
  6508 | D:8      | Found a basalt altar of Yredelemnul.
  6742 | Temple   | Entered the Ecumenical Temple
  7240 | D:9      | Reached skill level 11 in Fighting
  7470 | D:9      | Received a gift from Trog
  7487 | D:9      | Reached skill level 12 in Fighting
  7543 | D:9      | Noticed a two-headed hydra
  7548 | D:9      | Killed a two-headed hydra
  7800 | D:10     | Entered Level 10 of the Dungeon
  7805 | D:10     | Found a shimmering altar of Xom.
  7806 | D:10     | Reached XP level 11. HP: 106/106 MP: 10/10
  7816 | D:10     | Reached skill level 13 in Fighting
  8319 | D:10     | Got a smelly chain mail
  8320 | D:10     | Identified the +7 chain mail of Aginwygg {*Corrode +Inv rF++ Dex+3} (You found it on level 10 of the Dungeon)
  8355 | D:10     | Got a smoking flail
  8365 | D:10     | Found a staircase to the Orcish Mines.
  8382 | D:10     | Reached skill level 10 in Armour
  8390 | D:10     | Noticed Erica
  8398 | D:10     | Killed Erica
  8430 | D:10     | Killed an unseen horror
  8430 | D:10     | Reached skill level 14 in Fighting
  8615 | D:10     | Noticed a hill giant
  8622 | D:10     | Killed a hill giant
  8625 | D:10     | Received a gift from Trog
  8665 | D:10     | Noticed a hill giant
  8674 | D:10     | Killed a hill giant
  8678 | D:10     | Got a scorched turquoise ring
  8922 | D:10     | Identified the ring of Nademingi {rPois rN+ Str+2} (You found it on level 10 of the Dungeon)
  8983 | D:10     | Noticed a hill giant
  8984 | D:10     | Noticed a hill giant
  8988 | D:10     | Killed a hill giant
  8993 | D:10     | Killed a hill giant
  8995 | D:10     | Found a staircase to the Lair.
  9316 | D:10     | Killed an unseen horror
  9384 | Lair:1   | Entered Level 1 of the Lair of Beasts
  9423 | Lair:1   | Reached skill level 15 in Fighting
  9424 | Lair:1   | Noticed an eight-headed hydra
  9436 | Lair:1   | HP: 2/112 [eight-headed hydra (11)]
  9437 | Lair:1   | Slain by an eight-headed hydra

Skill      XL: |  1  2  3  4  5  6  7  8  9 10 11 |
---------------+----------------------------------+-----
Fighting       | 4 5 6 8 9 12 15 | 15.0
Maces & Flails | 4 5 7 9 10 12 | 12.6
Armour         | 3 4 6 7 9 11 | 11.5
Shields        | 1 |  1.7
Dodging        | 3 4 |  4.5

Action                   |  1- 3 |  4- 6 |  7- 9 | 10-12 || total
-------------------------+-------+-------+-------+-------++-------
Melee: Mace              |    83 |   156 |       |       ||   239
       Headbutt          |     6 |    30 |    28 |    55 ||   119
       Flail             |       |     3 |     5 |       ||     8
       Dire flail        |       |       |   197 |   242 ||   439
       Great mace        |       |       |       |    46 ||    46
Throw: Javelin           |       |       |    10 |     5 ||    15
       Tomahawk          |       |       |     1 |     1 ||     2
Invok: Berserk           |       |     1 |     7 |     8 ||    16
       Brothers in Arms  |       |       |       |     3 ||     3
       Burn Spellbooks   |       |       |       |     1 ||     1
  Use: Scroll            |       |       |     1 |    19 ||    20
 Stab: Distracted        |       |     1 |       |       ||     1
  Eat: Chunk             |       |    23 |    26 |    37 ||    86
       Beef jerky        |       |       |       |     2 ||     2
Armor: Robe              |    19 |       |       |       ||    19
       Chain mail        |       |    69 |   103 |   260 ||   432
Dodge: Dodged            |    63 |    50 |    78 |   158 ||   349
Block: Buckler           |     3 |    19 |       |       ||    22
